 Dungeon Crawl Stone Soup version 0.26-a0-20-g5f92b90fa0 (webtiles) character file.

Game seed: 15801235212748910130, levelgen mode: deterministic

3498 MisterFreud the Carver (level 10, -4/68 HPs)
             Began as an Octopode Gladiator on May 25, 2020.
             Was a Priest of Cheibriados.
             Slain by Psyche
             ... wielding a +4 dagger of distortion
              (19 damage)
             ... on level 8 of the Dungeon.
             The game lasted 00:11:28 (7640 turns).

MisterFreud the Carver (Octopode Gladiator)         Turns: 7640, Time: 00:11:29

Health: -4/68      AC:  5    Str: 22    XL:     10   Next: 7%
Magic:  11/11      EV: 20    Int: 21    God:    Cheibriados [***...]
Gold:   436        SH:  7    Dex: 22    Spells: 9/9 levels left

rFire    . . .     SeeInvis .   a - +0 long sword
rCold    . . .     Gourm    .   f - +1 buckler
rNeg     . . .     Faith    .   b - +0 hat
rPois    .         Spirit   .   E - amulet of magic regeneration
rElec    .         Reflect  .   t - ring of resist corrosion
rCorr    +         Harm     .   B - +4 ring of protection
MR       .....                  (no ring)
Stlth    +++.......             (no ring)
HPRegen  0.21/turn              (no ring)
MPRegen  0.37/turn              (no ring)
                                (no ring)
                                (no ring)

@: very slow
A: almost no armour, stealthy swim, amphibious, 8 rings, constrict 8, camouflage
1, gelatinous body 1
a: Bend Time, Temporal Distortion, Renounce Religion


You were on level 8 of the Dungeon.
You worshipped Cheibriados.
Cheibriados was most pleased with you.
You were not hungry.

You visited 2 branches of the dungeon, and saw 9 of its levels.

You collected 512 gold pieces.
You spent 76 gold pieces at shops.

Inventory:

Hand Weapons
 a - a +0 long sword (weapon)
 s - a +2 vampiric trident
Missiles
 c - 3 throwing nets
 h - 4 atropa-tipped darts
 k - 16 boomerangs (quivered)
 m - 14 poisoned darts
Armour
 b - a +0 hat (worn)
 f - a +1 buckler (worn)
Jewellery
 t - a ring of resist corrosion (left tentacle)
 B - a +4 ring of protection (right tentacle)
 E - an amulet of magic regeneration (around mantle)
Wands
 q - a wand of disintegration (10)
Scrolls
 i - 3 scrolls of blinking
 j - 3 scrolls of remove curse
 l - 4 scrolls of enchant armour
 p - a scroll of amnesia
 r - 6 scrolls of magic mapping
 v - a scroll of immolation {unknown}
 w - a scroll of teleportation {unknown}
 y - 2 scrolls of enchant weapon {unknown}
 z - a scroll of holy word {unknown}
 C - a scroll of torment {unknown}
Potions
 e - 2 potions of stabbing
 g - 3 potions of mutation
 n - 4 potions of brilliance
 o - a potion of curing
 x - a potion of magic
 A - 2 potions of flight
 F - a potion of invisibility
Comestibles
 d - 14 rations


   Skills:
 - Level 6.0 Fighting
 - Level 10.0 Long Blades
 - Level 2.0 Throwing
 - Level 8.0 Dodging
 - Level 4.0 Shields
 + Level 1.8 Invocations


You had 9 spell levels left.
You didn't know any spells.
Your spell library contained the following spells:

 Spells                   Type           Power        Failure   Level  Hunger
 Confusing Touch          Hex            #.......     47%         3    ####...
 Gell's Gravitas          Tloc           #.........   47%         3    ####...
 Petrify                  Tmut/Erth      #.......     87%         4    #####..
 Summon Lightning Spire   Summ/Air       #.......     87%         4    #####..
 Metabolic Englaciation   Hex/Ice        #.........   99%         5    ######.
 Silence                  Hex/Air        #.........   99%         5    ######.
 Yara's Violent Unravell  Hex/Tmut       #.........   99%         5    ######.
 Conjure Ball Lightning   Conj/Air       #.........   100%        6    #######
 Tornado                  Air            #.........   100%        9    #######


Dungeon Overview and Level Annotations

Branches:
Dungeon (8/15)             Temple (1/1) D:5
   Lair: D:8-11

Altars:
Cheibriados
Dithmenos
Elyvilon
Fedhas
Gozag
Hepliaklqana
Kikubaaqudgha
Nemelex Xobeh
Okawaru
Qazlal
Sif Muna
Uskayaw
Vehumet
Xom
Yredelemnul
Beogh

Shops:
D:5 [

Annotations:
D:8 Psyche


Innate Abilities, Weirdness & Mutations

You cannot wear most types of armour.
You are very stealthy in the water. (Stealth+)
You are amphibious.
You can wear up to eight rings at the same time.
You can use your tentacles to constrict eight enemies at once.
Your skin changes colour to match your surroundings (Stealth+).
Your rubbery body absorbs attacks. (AC +1, EV +1)


Message History

You kill the howler monkey!
Cheibriados thoroughly appreciates the change of pace.
Unknown command.
Unknown command.
You closely miss something. You squeeze something. Something hits you.
Space bends around you.
You slash something! Something hits you. Space bends around you.
Something closely misses you.
You closely miss something. You squeeze something. Something barely misses you.
Something hits you. Space bends around you.
A bullfrog comes into view.
An ice beast comes into view.
You barely miss something. Something hits you but does no damage.
Something hits you. Space warps horribly around you!!
* * * LOW HITPOINT WARNING * * *
Okay, then.
Unknown command.
You feel better. Something misses you. Something hits you.
* * * LOW HITPOINT WARNING * * *
Space warps horribly around you!!
You die...

#.#######.##...###.#
#....#....#.#........
####.#.###.###....Y..
#.#.##...#.......
#...##.##.#.....
##.###.##†#.#.#.. #.#
#.##†....... #.#
#.##.#†#.#.. #..
..#..@#.. ###
#.#...##.# #........#
#..........
#........##
#.#...##.# #.#...#
... #.###.# ## #. .#


You could see an ice beast (wandering).

Vanquished Creatures
  Pikel (D:4)
  A hippogriff (D:8)
  A hungry ghost (D:8)
  A water moccasin (D:6)
  An orc warrior (D:8)
  A black bear (D:6)
  3 sky beasts
  4 ogres
  2 centaurs
  2 big kobolds
  2 bullfrogs
  4 killer bees (D:8)
  3 howler monkeys
  3 crimson imps
  A quasit (D:6)
  2 bullfrog skeletons
  4 hounds
  A jelly (D:6)
  A centaur zombie (D:8)
  A gnoll shaman (D:4)
  3 orc priests
  A centaur skeleton (D:8)
  An iguana (D:7)
  6 orc wizards
  3 worker ants (D:7)
  A killer bee zombie (D:8)
  A howler monkey zombie (D:6)
  4 gnolls
  11 adders
  A howler monkey skeleton (D:4)
  2 shadow imps
  2 adder skeletons
  2 worms
  3 dart slugs
  7 leopard geckos
  38 orcs
  7 bats
  7 giant cockroaches
  6 goblins
  8 hobgoblins
  9 jackals
  19 kobolds
  2 quokkas
  2 ball pythons
  9 frilled lizards
  2 leopard gecko skeletons (D:6)
  A quokka skeleton (D:6)
  4 rats
201 creatures vanquished.

Vanquished Creatures (others)
  A gnoll (D:4)
1 creature vanquished.

Grand Total: 202 creatures vanquished

Notes
Turn   | Place    | Note
-------+----------+-------------------------------------------
     0 | D:1      | MisterFreud the Octopode Gladiator began the quest for the
                  | Orb.
     0 | D:1      | Reached XP level 1. HP: 14/14 MP: 1/1
    35 | D:1      | Reached XP level 2. HP: 20/20 MP: 2/2
   192 | D:1      | Reached XP level 3. HP: 20/26 MP: 3/3
   971 | D:2      | Found a faded altar of an unknown god.
  1319 | D:2      | Reached XP level 4. HP: 33/33 MP: 4/4
  1879 | D:3      | Reached skill level 4 in Long Blades
  1960 | D:3      | Noticed an ogre
  1967 | D:3      | Killed an ogre
  1967 | D:3      | Reached skill level 5 in Long Blades
  1967 | D:3      | Reached XP level 5. HP: 37/37 MP: 5/5
  2406 | D:4      | Reached XP level 6. HP: 43/43 MP: 6/6
  2547 | D:4      | Reached skill level 6 in Long Blades
  2658 | D:4      | HP: 2/43 [gnoll (5)]
  3214 | D:4      | Noticed a slave
  3215 | D:4      | Noticed Pikel
  3217 | D:4      | Noticed a slave
  3217 | D:4      | Noticed a slave
  3221 | D:4      | Noticed a slave
  3232 | D:4      | Killed Pikel
  3232 | D:4      | Reached XP level 7. HP: 33/48 MP: 7/7
  3232 | D:4      | Reached XP level 8. HP: 37/54 MP: 8/8
  3495 | D:4      | Found an iron altar of Okawaru.
  3715 | D:5      | Entered Level 5 of the Dungeon
  3715 | D:5      | Found a staircase to the Ecumenical Temple.
  3738 | Temple   | Entered the Ecumenical Temple
  3771 | Temple   | Became a worshipper of Cheibriados the Contemplative
  3892 | D:5      | Found Yrreit's Antique Armour Boutique.
  3895 | D:5      | Bought a buckler for 76 gold pieces
  3990 | D:5      | Found an opulent altar of Gozag.
  4342 | D:5      | Reached skill level 1 in Shields
  5315 | D:6      | Reached * piety under Cheibriados
  5768 | D:6      | Reached XP level 9. HP: 41/59 MP: 9/9
  6037 | D:7      | Reached skill level 5 in Fighting
  6152 | D:7      | Reached skill level 7 in Long Blades
  6505 | D:7      | Reached ** piety under Cheibriados
  7109 | D:8      | Reached skill level 8 in Long Blades
  7253 | D:8      | Reached skill level 9 in Long Blades
  7255 | D:8      | Reached *** piety under Cheibriados
  7374 | D:8      | Found a roughly hewn altar of Beogh.
  7620 | D:8      | Reached XP level 10. HP: 65/68 MP: 10/10
  7628 | D:8      | Noticed Psyche
  7633 | D:8      | Reached skill level 10 in Long Blades
  7633 | D:8      | Reached skill level 1 in Invocations
  7640 | D:8      | Slain by Psyche

Illustrated notes

Levels and vault maps discovered:
D:1:      dpeg_arrival_pits, layout_basic
D:2:      layout_rooms, chequers_ecumenical_altar_island
D:3:      layout_loops_ring, chequers_serial_rivers_small_b,
          minmay_misc_feat_cross, minivault_19
D:4:      layout_loops_cross, first_ration, okawaru_ov_weapons_minmay,
          uniq_pikel
D:5:      layout_gridville, minmay_temple_entry_grid, serial_shops,
          kennysheep_mini, corexii_shack, nicolae_gozag_seed_capital
D:6:      layout_basic
D:7:      layout_basic
D:8:      layout_loops_ring, nicolae_ru_sacrificial_ziggurat, special_room
          [special_room_orc], uniq_psyche
Temple:   compressed_dpeg_circular_temple

Skill      XL: |  1  2  3  4  5  6  7  8  9 10 |
---------------+-------------------------------+-----
Fighting       | 3 4 6 |  6.0
Long Blades    | 5 6 9 10 | 10.0
Dodging        | 6 8 |  8.0
Shields        | 4 |  4.0
Invocations    | 1 |  1.8
Throwing       | |  2.0

Action                   |  1- 3 |  4- 6 |  7- 9 | 10-12 || total
-------------------------+-------+-------+-------+-------++-------
Melee: Long sword        |    46 |   112 |   258 |    11 ||   427
       Tentacles         |    15 |    30 |    83 |     5 ||   133
       Constrict         |    17 |    33 |    63 |     1 ||   114
Throw: Boomerang         |       |       |    24 |       ||    24
  Use: Scroll            |       |       |    13 |       ||    13
       Potion            |       |       |     1 |     1 ||     2
 Stab: Sleeping          |     6 |     9 |     3 |       ||    18
  Eat: Chunk             |     1 |     6 |     8 |       ||    15
       Ration            |       |       |     1 |       ||     1
Armor: Skin              |     5 |     5 |    14 |     3 ||    27
Dodge: Dodged            |    40 |    72 |   154 |    12 ||   278
Block: Buckler           |       |       |    67 |     2 ||    69
       Rpst.: Long sword |    15 |    22 |    42 |     1 ||    80

Table legend:
 A = Non-vault XP
 B = Vault XP
 C = Vault XP percentage of total XP
 D = Non-vault monster count
 E = Vault monster count
 F = Vault count percentage of total count
                 A         B        C        D         E       F
            +---------+---------+-------+---------+---------+-------
      Total |    4137 |     861 |  17.2 |     179 |      22 |  10.9
            +---------+---------+-------+---------+---------+-------
        D:1 |      61 |       0 |   0.0 |      33 |       0 |   0.0
        D:2 |      62 |       0 |   0.0 |      21 |       0 |   0.0
        D:3 |     201 |       0 |   0.0 |      17 |       0 |   0.0
        D:4 |     343 |     629 |  64.7 |      26 |       1 |   3.7
        D:5 |     229 |       1 |   0.4 |       6 |       1 |  14.3
        D:6 |     918 |       0 |   0.0 |      24 |       0 |   0.0
        D:7 |    1067 |       0 |   0.0 |      28 |       0 |   0.0
        D:8 |    1256 |     231 |  15.5 |      24 |      20 |  45.5
            +---------+---------+-------+---------+---------+-------
